AoeStats
← 神圣罗马帝国 | Holy Roman

Yucatan

510896612Analyzed
4v4 RM · 16h ago on Oct 3, 2026· 15m 42s· 8 players
Game mode
Random Map
Map size
Large (8 player)
Population
200
Speed
Normal
Resources
Standard
Victory
Conquest
Starting age
Dark Age
Ending age
Imperial Age
RankedLock teamsTeams togetherTeam positionsShared explorationLock speedFull tech treeHidden civsTurbo modeCheats
Victory
Defeat
🇨🇱 Mongols · Chile
1416
+15
🇦🇷 Ethiopians · Argentina
1408
+16
🇲🇽 Georgians · Mexico
1360
+18
🇨🇴 Huns · Colombia
1357
+18
🇺🇸 Persians · United States
1422
-18
🇲🇽 Britons · Mexico
1419
-17
🇯🇵 Varangians · Japan
1398
-17
1353
-15
harusame
6:47 Loom
9:44 Feudal Age
9:50 Man-at-Arms
11:16 Double-Bit Axe
MEX_Angel_Tj
7:02 Loom
9:31 Feudal Age
10:16 Double-Bit Axe
12:40 Fletching
13:01 Padded Archer Armor
神圣罗马帝国 | Holy Roman
4:37 Double-Bit Axe
9:35 Wheelbarrow
11:46 Feudal Age
12:30 Gold Mining
14:21 Scale Barding Armor
16:54 Castle Age
15:49 Gold Shaft Mining
15:12 Horse Collar
_WizarD_
8:57 Loom
12:02 Feudal Age
14:28 Wheelbarrow
15:26 Forging
15:23 Scale Barding Armor
cquonck
7:33 Loom
11:01 Feudal Age
11:33 Double-Bit Axe
11:29 Horse Collar
mca_018
8:09 Loom
10:28 Feudal Age
15:28 Castle Age
14:33 Double-Bit Axe
15:40 Fletching
ASOT
9:05 Feudal Age
12:32 Bloodlines
13:12 Forging
14:22 Loom
17:17 Castle Age
Agux
7:04 Loom
9:19 Feudal Age
13:25 Fletching
14:12 Padded Archer Armor
Connection lost

Rejoining the realm…

Still unreachable

The connection could not be restored.

Session expired

The server has moved on; the page needs a fresh start.